 Dungeon Crawl Stone Soup version 0.30-a0-365-ge7f957f1db (webtiles) character file.

Game seed: 3631678923480021874

86268 LnG the Imperceptible (level 16, -5/94 HPs)
             Began as a Kobold Summoner on Nov 16, 2022.
             Was the Champion of Dithmenos.
             Slain by a white draconian knight
             ... wielding a +3 demon blade of freezing
              (24 damage)
             ... in an ice cave.
             The game lasted 01:20:27 (27259 turns).

LnG the Imperceptible (Kobold Summoner)            Turns: 27259, Time: 01:20:28

Health: -5/94      AC: 19    Str:  6    XL:     16   Next: 33%
Magic:  37/37      EV: 22    Int: 24    God:    Dithmenos [******]
Gold:   1777       SH:  4    Dex: 15    Spells: 19/32 levels left

rFire   + + .      SeeInvis .    D - +10 long sword of the Unspeakable One {flame, rF+ rC+}
rCold   + + +      Faith    .    (no shield)
rNeg    . . .      Spirit   .    S - +2 robe {rC+}
rPois   +          Reflect  .    U - +1 helmet
rElec   +          Harm     .    m - +2 cloak
rCorr   +          Rampage  .    G - +1 pair of gloves
Will    +....                    q - +1 pair of boots Stlth *******+++
                                 r - amulet of magic regeneration
HPRegen 0.35/turn                l - +4 ring of protection
MPRegen 0.65/turn                L - ring of magical power

@: resistant, wreathed by umbra
A: small, no large weapons, nightstalker 3, iridescent scales 1, large bone
plates 1, MP-powered wands
a: Renounce Religion, Shadow Step, Shadow Form


You were in an ice cave.
You worshipped Dithmenos.
Dithmenos was exalted by your worship.
You visited 5 branches of the dungeon, and saw 22 of its levels.
You also visited: Sewer and Ice Cave.

You collected 3054 gold pieces.
You spent 1277 gold pieces at shops.

Inventory:

Hand Weapons
 g - a +5 short sword
 i - a +0 short sword of electrocution
 z - the +8 rapier of Firadim {freeze, rElec rF- rC- Dex+8}
   (You found it on level 4 of the Dungeon)

   It freezes those it strikes, dealing additional cold damage.
   It can also slow down cold-blooded creatures.
   Dex:       It affects your dexterity (+8).
   rF:        It makes you vulnerable to fire.
   rC:        It makes you vulnerable to cold.
   rElec:     It insulates you from electricity.
 A - a +2 short sword of freezing
 D - the +10 long sword of the Unspeakable One (weapon) {flame, rF+ rC+}
   (You found it on level 5 of the Dungeon)

   It burns those it strikes, dealing additional fire damage.
   Big, fiery blades are also staple armaments of hydra-hunters.
   rF:        It protects you from fire.
   rC:        It protects you from cold.
 K - a +5 rapier of venom
Missiles
 x - 4 throwing nets
Armour
 m - a +2 cloak (worn)
 q - a +1 pair of boots (worn)
 G - a +1 pair of gloves (worn)
 R - a +0 robe of positive energy
 S - a +2 robe of cold resistance (worn)
 U - a +1 helmet (worn)
 V - a +0 robe of fire resistance
Jewellery
 l - a +4 ring of protection (left hand)
 r - an amulet of magic regeneration (around neck)
 L - a ring of magical power (right hand)
 T - the ring "Fusmufio" {rElec rN+ Int+2 Dex+6}
   (You found it on level 2 of the Orcish Mines)

   [ring of dexterity]

   Int:       It affects your intelligence (+2).
   Dex:       It affects your dexterity (+6).
   rElec:     It insulates you from electricity.
   rN:        It protects you from negative energy.
Wands
 B - a wand of flame (51)
 J - a wand of iceblast (13)
 M - a wand of mindburst (10)
 N - a wand of light (4)
Scrolls
 c - 4 scrolls of fear
 f - a scroll of torment
 h - 8 scrolls of teleportation
 k - 5 scrolls of vulnerability
 n - 4 scrolls of noise
 s - a scroll of brand weapon
 t - 3 scrolls of poison
 u - 3 scrolls of fog
 v - 3 scrolls of amnesia
 y - a scroll of magic mapping
 E - 3 scrolls of immolation
 P - 2 scrolls of enchant weapon
 Q - 2 scrolls of identify
 Z - 2 scrolls of enchant armour
Potions
 b - 5 potions of magic
 e - 3 potions of mutation
 j - 7 potions of curing
 o - 6 potions of flight
 p - 2 potions of haste
 w - 2 potions of might
 C - 2 potions of brilliance
 F - 3 potions of resistance
 H - 5 potions of attraction
 I - 2 potions of lignification
 O - 2 potions of berserk rage
 X - 2 potions of cancellation
 Y - a potion of invisibility
Miscellaneous
 a - a lightning rod (4/4)
 W - a piece from Xom's chessboard (15/15)


   Skills:
 + Level 8.4 Fighting
 + Level 13.7(14.2) Short Blades
 + Level 3.3(6.6) Long Blades
 * Level 13.9 Dodging
 * Level 21.4 Stealth
 + Level 2.7 Shields
 + Level 8.7 Spellcasting
 + Level 1.9 Hexes
 + Level 9.2 Summonings
 + Level 3.4 Air Magic
 * Level 8.7 Invocations


You had 19 spell levels left.
You knew the following spells:

 Your Spells              Type           Power      Damage    Failure   Level
a - Summon Small Mammal   Summ           100%       N/A       1%          1
b - Call Imp              Summ           53%        N/A       1%          2
c - Call Canine Familiar  Summ           53%        N/A       1%          3
d - Summon Guardian Gole  Hex/Summ       37%        N/A       1%          3
e - Summon Lightning Spi  Summ/Air       40%        N/A       4%          4

Your spell library contained the following spells:

 Spells                   Type           Power      Damage    Failure   Level
 Slow                     Hex            76%        N/A       2%          1
 Poisonous Vapours        Pois/Air       36%        N/A       4%          2
 Apportation              Tloc           20%        N/A       6%          1
 Magic Dart               Conj           40%        1d5       6%          1
 Sting                    Tmut/Pois      40%        1d5       6%          1
 Ensorcelled Hibernation  Hex/Ice        30%        N/A       6%          2
 Searing Ray              Conj           20%        2d5       9%          2
 Confusing Touch          Hex            19%        N/A       9%          3
 Tukima's Dance           Hex            19%        N/A       9%          3
 Animate Armour           Summ/Erth      64%        N/A       9%          4
 Airstrike                Air            13%        2d(2-18)  14%         4
 Spider Form              Tmut/Pois      10%        N/A       19%         3
 Vampiric Draining        Necr           10%        2d6       19%         3
 Anguish                  Hex/Necr       7%         N/A       38%         4
 Fulminant Prism          Conj/Hex       7%         3d7       38%         4
 Animate Dead             Necr           10%        N/A       52%         4
 Manifold Assault         Tloc           10%        N/A       52%         4
 Olgreb's Toxic Radiance  Pois           10%        N/A       52%         4
 Passage of Golubria      Tloc           10%        N/A       52%         4
 Lightning Bolt           Conj/Air       9%         1d21      63%         5
 Yara's Violent Unravell  Hex/Tmut       7%         3d5       75%         5
 Alistair's Intoxication  Tmut/Pois      6%         N/A       86%         5
 Blade Hands              Tmut           5%         N/A       86%         5
 Dispersal                Tloc           5%         N/A       100%        6
 Iron Shot                Conj/Erth      5%         9d2       100%        6
 Haunt                    Necr/Summ      16%        N/A       100%        7
 Disjunction              Tloc           5%         N/A       100%        8
 Infestation              Necr           5%         N/A       100%        8


Dungeon Overview and Level Annotations

Branches:
Dungeon (13/15)            Temple (1/1) D:6            Lair (5/5) D:9
  Swamp (0/4) Lair:3       Spider (1/4) Lair:2        Slime (0/5) Lair:5
    Orc (2/2) D:9             Elf (0/3) Orc:2         Sewer (visited)
  IceCv (1/1)
 Vaults: D:13-14

Altars:
Ashenzari
Cheibriados
Dithmenos
Elyvilon
Fedhas
Gozag
Hepliaklqana
Kikubaaqudgha
Makhleb
Nemelex Xobeh
Okawaru
Qazlal
Ru
Sif Muna
Trog
Uskayaw
Vehumet
Wu Jian
Xom
Yredelemnul
Zin
The Shining One
Jiyva
Lugonu

Shops:
D:8 *   D:9 ?   D:11 (   D:12 :   Orc:1 *   Orc:2 [?:!

Portals:
Abyss: Lair:5
Pandemonium: Orc:2

Annotations:
D:8 2 transporters, quakins's ghost, novice DEHs
D:13 Azrael


Innate Abilities, Weirdness & Mutations

You are small and have problems with some larger weapons.
You are completely attuned to the shadows.
You are partially covered in iridescent scales. (AC +2)
You are partially covered in large bone plates. (SH +4)
You expend magic power (3 MP) to strengthen your wands.


Message History

The bolt of cold hits you! You resist. Something hits your guardian golem!
Something freezes your guardian golem.
Casting: Summon Guardian Golem (safe; 1% risk of failure)
Confirm with . or Enter, or press ? or * to list all spells.
You hear a roar.
A blast of cold appears from out of thin air!
The blast of cold hits your guardian golem!!
Your guardian golem resists.
The blast of cold misses you.
You hear some strange, mumbled words.
A shard of ice appears from out of thin air!
The shard of ice hits your guardian golem!!!
Your guardian golem partially resists.
Your guardian golem is destroyed!
Your guardian golem disappears in a puff of smoke!
You swap places.
You hear a roar.
A blast of cold appears from out of thin air!
The blast of cold hits your wolf!!
Your wolf dies!
Your wolf's corpse disappears in a puff of smoke!
The blast of cold misses you.
You feel much better.
You hear some strange, mumbled words.
A shard of ice appears from out of thin air!
The shard of ice hits you!! You partially resist.
You emit a cloud of dark smoke.
You feel protected.
You hear a roar.
A blast of cold appears from out of thin air!
The blast of cold hits you. You resist.
* * * LOW HITPOINT WARNING * * *
Something hits you!!
* * * LOW HITPOINT WARNING * * *
You emit a cloud of dark smoke.
Something barely misses you.
You feel much better. Something hits you!
* * * LOW HITPOINT WARNING * * *
You emit a cloud of dark smoke.
You slash something! You burn something. Something hits you!!
You die...

##.## ##..###
###..# ##..##
#.#.## #..##
###..## #..# #
#.....# #..# #
##.....## #.## ##
##.......# ##§# .#
#........## #{§#
##
##.......§###@##
####....8....##§§#
##.......°§...§§##
#........!....§##
..##..........##
.# ##.........# #
#)........##
##........#
##......##


There were no monsters in sight!

Vanquished Creatures
  Rupert (Lair:5)
  The ghost of MrSquiggles the Destroyer, a journeyman OpCj of Vehumet (Orc:2)
  3 white draconians (IceCv)
  Josephine (D:11)
  6 hydras
  Erica (D:10)
  An ice dragon (Spider:1)
  2 demonspawn (Orc:2)
  2 catoblepae
  3 boulder beetles
  8 death yaks
  4 two-headed ogres
  6 orc high priests (Orc:2)
  A soul eater (Orc:2)
  2 thrashing horrors (Lair:5)
  2 orb spiders (Spider:1)
  4 orc knights
  An orange crystal statue (IceCv)
  An oklob plant (Lair:5)
  2 manticores (D:12)
  3 wolf spiders
  4 orc sorcerers (Orc:2)
  An ugly thing (D:13)
  A moth of wrath (Orc:2)
  5 elephants (Lair:2)
  2 smoke demons (Orc:2)
  3 cane toads
  A black mamba (Lair:5)
  Maggie (D:7)
  A torpor snail (Lair:5)
  4 storm dragon simulacra (IceCv)
  8 komodo dragons
  2 unseen horrors
  3 rime drakes
  A kobold demonologist (D:9)
  An ancient zyme (Lair:5)
  A golden dragon simulacrum (IceCv)
  A demonic crawler (Spider:1)
  A hellwing (Orc:2)
  2 hornets
  4 slime creatures (D:12)
  34 blink frogs
  A tarantella (Spider:1)
  5 dream sheep
  30 yaks
  3 culicivoras
  5 wraiths
  3 wyverns
  2 ynoxinuls (Lair:5)
  2 steam dragons
  3 basilisks
  A chaos spawn (Lair:5)
  7 vampire mosquitoes (D:11)
  5 redbacks (Spider:1)
  11 wargs
  Menkaure (D:5)
  2 swamp worms (Lair:3)
  3 acid dragons
  3 hell hounds
  17 water moccasins
  9 small abominations (Lair:5)
  Duvessa (D:7)
  A sky beast (D:8)
  28 orc warriors
  6 ice dragon simulacra (IceCv)
  A black bear (D:6)
  7 ogres
  16 wolves
  A centaur (D:11)
  A phantom (D:6)
  3 kobold brigands
  6 bullfrogs
  2 scorpions
  2 gnoll sergeants
  2 necrophages
  14 wights
  Dowan (D:7)
  10 killer bees
  6 lindwurm simulacra (IceCv)
  5 howler monkeys
  2 electric eels (Lair:1)
  5 jellies
  23 orc priests
  5 iguanas
  2 hell rats (Lair:2)
  Ijyb (D:3)
  11 orc wizards
  Natasha (D:2)
  8 gnolls
  4 adders
  12 river rats
  A shadow imp (D:7)
  4 white imps
  A worm (D:5)
  4 dart slugs
  56 orcs
  8 bats
  6 endoplasms
  9 giant cockroaches
  4 goblins
  4 hobgoblins
  A quokka (D:3)
  6 ball pythons
  3 frilled lizards
  18 kobolds
  11 rats
572 creatures vanquished.

Vanquished Creatures (collateral kills)
  A demonspawn (Orc:2)
  A two-headed ogre (D:12)
  Urug (Lair:5)
  An orc sorcerer (Orc:2)
  An orc knight (Orc:2)
  4 ugly things (Lair:5)
  An oklob plant (Lair:5)
  A rust devil (Orc:2)
  A smoke demon (Lair:5)
  2 komodo dragons (Lair:5)
  A golden dragon simulacrum (IceCv)
  3 blink frogs (Lair:5)
  6 dream sheep
  A small abomination (Lair:5)
  A ynoxinul (Lair:5)
  A basilisk (Lair:4)
  7 yaks
  A hell hound (D:12)
  A water moccasin (Lair:5)
  4 orc warriors (Orc:2)
  2 kobold brigands
  A scorpion (D:6)
  A jelly (D:5)
  2 orc priests (Orc:2)
  Natasha (D:2)
  An iguana (D:4)
  2 orc wizards
  A worm (D:4)
  12 orcs
  An endoplasm (D:1)
  A goblin (D:1)
  A hobgoblin (D:1)
  9 kobolds
  A bat (D:1)
  A frilled lizard (D:1)
  A rat (D:1)
78 creatures vanquished.

Vanquished Creatures (others)
  2 death yaks
  2 yaks (D:11)
  An orc warrior (Orc:2)
  2 orc priests (Orc:2)
  An orc (Orc:2)
  2 kobolds (D:11)
  31 fungi
  29 plants
70 creatures vanquished.

Grand Total: 720 creatures vanquished

Notes
Turn   | Place    | Note
-------+----------+-------------------------------------------
     0 | D:1      | LnG the Kobold Summoner began the quest for the Orb.
     0 | D:1      | Reached XP level 1. HP: 10/10 MP: 3/3
   331 | D:1      | Reached XP level 2. HP: 14/15 MP: 0/5
   425 | D:1      | Learned a level 2 spell: Call Imp
   707 | D:1      | Reached XP level 3. HP: 19/19 MP: 6/6
  1204 | D:2      | Reached skill level 3 in Stealth
  1231 | D:2      | Learned a level 3 spell: Call Canine Familiar
  1531 | D:2      | Reached XP level 4. HP: 24/24 MP: 7/7
  1674 | D:2      | Noticed Natasha
  1688 | D:2      | Killed Natasha
  1689 | D:2      | Reached skill level 4 in Stealth
  1821 | D:2      | Reached skill level 1 in Short Blades
  1864 | D:2      | Found a faded altar of an unknown god.
  2020 | D:2      | Noticed Natasha
  2028 | D:2      | Killed Natasha
  2029 | D:2      | Reached XP level 5. HP: 19/28 MP: 3/9
  2033 | D:2      | Learned a level 3 spell: Summon Guardian Golem
  2290 | D:3      | Noticed Ijyb
  2376 | D:3      | Reached skill level 5 in Stealth
  2525 | D:3      | Found a glowing drain.
  2573 | Sewer    | Entered a sewer
  2629 | Sewer    | Noticed a kobold brigand
  2648 | Sewer    | Killed a kobold brigand
  2649 | Sewer    | Reached XP level 6. HP: 33/33 MP: 1/10
  2743 | Sewer    | Found a white marble altar of Elyvilon.
  3075 | D:3      | Killed Ijyb
  3076 | D:3      | Reached skill level 6 in Stealth
  3464 | D:4      | Reached XP level 7. HP: 37/37 MP: 10/12
  3550 | D:4      | Reached skill level 5 in Summonings
  3595 | D:4      | Identified the +8 rapier of Firadim {freeze, rElec rF- rC-
                  | Dex+8}
  4097 | D:5      | Entered Level 5 of the Dungeon
  4122 | D:5      | Reached skill level 7 in Stealth
  4156 | D:5      | Noticed Menkaure
  4161 | D:5      | Killed Menkaure
  4162 | D:5      | Reached skill level 1 in Fighting
  4328 | D:5      | Noticed a water moccasin
  4337 | D:5      | Reached skill level 8 in Stealth
  4337 | D:5      | Reached XP level 8. HP: 37/43 MP: 13/13
  4506 | D:5      | Identified the +10 long sword of the Unspeakable One
                  | {flame, rF+ rC+}
  4657 | D:5      | Reached skill level 9 in Stealth
  4875 | D:5      | Reached skill level 5 in Dodging
  4875 | D:5      | Reached skill level 10 in Stealth
  5213 | D:6      | Reached skill level 1 in Long Blades
  5213 | D:6      | Reached XP level 9. HP: 48/48 MP: 6/14
  5218 | D:6      | Learned a level 4 spell: Summon Lightning Spire
  5331 | D:6      | Found a staircase to the Ecumenical Temple.
  5337 | Temple   | Entered the Ecumenical Temple
  5875 | Temple   | Became a worshipper of Dithmenos the Shadowed
  6176 | D:7      | Reached skill level 11 in Stealth
  6246 | D:7      | Found an ancient bone altar of Kikubaaqudgha.
  6369 | D:7      | Noticed Maggie
  6373 | D:7      | Killed Maggie
  6376 | D:7      | Gained mutation: Your spells are a little harder to cast,
                  | but a little more powerful. [potion of mutation]
  6376 | D:7      | Lost mutation: Your spells are a little harder to cast, but
                  | a little more powerful. [potion of mutation]
  6377 | D:7      | Gained mutation: You are partially covered in large bone
                  | plates. (SH +4) [potion of mutation]
  6377 | D:7      | Gained mutation: You are partially covered in iridescent
                  | scales. (AC +2) [potion of mutation]
  6377 | D:7      | Gained mutation: You expend magic power (3 MP) to
                  | strengthen your wands. [potion of mutation]
  6394 | D:7      | Noticed Dowan
  6396 | D:7      | Noticed Duvessa
  6398 | D:7      | Killed Dowan
  6410 | D:7      | Killed Duvessa
  6639 | D:7      | Reached skill level 5 in Short Blades
  6715 | D:7      | Identified the +9 spear of Ates {vamp, Contam Dex+8}
  7367 | D:8      | Reached XP level 10. HP: 51/55 MP: 16/16
  7380 | D:8      | Reached skill level 12 in Stealth
  7389 | D:8      | Reached * piety under Dithmenos
  7591 | D:8      | Found a transporter.
  7595 | D:8      | Noticed quakins's ghost (novice DEHs)
  7674 | D:8      | Found Fiynah's Demolitions Depot.
  8292 | D:8      | Found a transporter.
  8953 | D:9      | Found a staircase to the Lair.
  9179 | D:9      | Paralysed by a hornet for 3 turns
  9183 | D:9      | Reached skill level 13 in Stealth
  9598 | D:9      | Reached skill level 1 in Air Magic
  9598 | D:9      | Noticed a kobold demonologist
  9602 | D:9      | Killed a kobold demonologist
  9705 | D:9      | Found a staircase to the Orcish Mines.
  9868 | D:9      | Found Qeasacau's Magic Scroll Shop.
  9874 | D:9      | Bought a scroll of identify for 30 gold pieces
  9874 | D:9      | Bought a scroll of enchant weapon for 112 gold pieces
 10010 | D:10     | Entered Level 10 of the Dungeon
 10059 | D:10     | Reached ** piety under Dithmenos
 10223 | D:10     | Killed an unseen horror
 10430 | D:10     | Noticed a two-headed ogre
 10433 | D:10     | Killed a two-headed ogre
 10434 | D:10     | Reached XP level 11. HP: 60/60 MP: 18/18
 10666 | D:10     | Noticed Erica
 10670 | D:10     | Killed Erica
 10671 | D:10     | Reached skill level 14 in Stealth
 10671 | D:10     | Reached skill level 1 in Shields
 10671 | D:10     | Reached skill level 5 in Spellcasting
 11124 | D:10     | Found a glowing silver altar of Zin.
 11568 | D:11     | Found Otrap's Hydra Hut.
 11587 | D:11     | Noticed a seven-headed hydra
 11700 | D:11     | Noticed a boulder beetle
 11705 | D:11     | Killed a boulder beetle
 11731 | D:11     | Reached skill level 15 in Stealth
 11977 | D:11     | Noticed Josephine
 12170 | D:11     | Killed Josephine
 12491 | D:11     | Reached *** piety under Dithmenos
 12576 | D:11     | Noticed a two-headed ogre
 12594 | D:11     | Killed a two-headed ogre
 12595 | D:11     | Reached XP level 12. HP: 61/67 MP: 13/21
 13280 | D:12     | Noticed a two-headed ogre
 13300 | D:12     | Reached skill level 5 in Fighting
 13407 | D:12     | Found Ecralaze's Book Shoppe.
 13561 | D:12     | Noticed a two-headed ogre
 13573 | D:12     | Killed a two-headed ogre
 13574 | D:12     | Reached skill level 10 in Dodging
 13764 | D:12     | Noticed a two-headed ogre
 13784 | D:12     | Killed a two-headed ogre
 13853 | D:12     | Killed a two-headed ogre
 13854 | D:12     | Reached skill level 16 in Stealth
 14342 | D:12     | Noticed a boulder beetle
 14346 | D:12     | Killed a boulder beetle
 14369 | D:12     | Reached skill level 1 in Invocations
 14694 | D:13     | Reached skill level 10 in Short Blades
 14698 | D:13     | Noticed Azrael
 14970 | D:13     | Noticed a tengu warrior
 15450 | Lair:1   | Entered Level 1 of the Lair of Beasts
 16064 | Lair:1   | Reached XP level 13. HP: 71/73 MP: 23/23
 16313 | Lair:2   | Reached skill level 17 in Stealth
 16438 | Lair:2   | Reached **** piety under Dithmenos
 16856 | Lair:2   | Noticed a catoblepas
 16892 | Lair:2   | Killed a catoblepas
 16946 | Lair:2   | Found a snail-covered altar of Cheibriados.
 17024 | Lair:2   | Found a hole to the Spider Nest.
 18025 | Lair:3   | Reached ***** piety under Dithmenos
 18054 | Lair:3   | Found a shimmering blue altar of Sif Muna.
 18135 | Lair:3   | Reached skill level 18 in Stealth
 18244 | Lair:3   | Noticed a four-headed hydra
 18253 | Lair:3   | Killed a four-headed hydra
 18309 | Lair:3   | Noticed a five-headed hydra
 18312 | Lair:3   | Killed a five-headed hydra
 18317 | Lair:3   | Found a staircase to the Swamp.
 18319 | Lair:3   | Reached XP level 14. HP: 80/80 MP: 24/24
 18404 | Lair:3   | Identified the +8 quarterstaff of the Ageing Fool {spect,
                  | rElec Will- Dex+2}
 19069 | Lair:4   | Identified a scroll of acquirement
 19072 | Lair:4   | Acquired 771 gold pieces
 19561 | Lair:5   | Entered Level 5 of the Lair of Beasts
 19638 | Lair:5   | Reached skill level 19 in Stealth
 19740 | Lair:5   | Reached skill level 5 in Invocations
 20179 | Lair:5   | Noticed Urug
 20195 | Lair:5   | Killed Urug
 20885 | Lair:5   | Found a viscous altar of Jiyva.
 20886 | Lair:5   | Found a staircase to the Slime Pits.
 20956 | Lair:5   | Reached skill level 1 in Hexes
 21374 | Lair:5   | Reached XP level 15. HP: 86/86 MP: 26/26
 21998 | Lair:5   | Found a corrupted altar of Lugonu.
 22031 | Lair:5   | Reached ****** piety under Dithmenos
 22038 | Lair:5   | Reached skill level 20 in Stealth
 22153 | Lair:5   | Found a one-way gate to the infinite horrors of the Abyss.
 22592 | Lair:5   | Noticed Rupert
 22613 | Lair:5   | Paralysed by Rupert for 2 turns
 22637 | Lair:5   | Killed Rupert
 22876 | Orc:1    | Entered Level 1 of the Orcish Mines
 23224 | Orc:1    | Found Xisaoty's CLEARANCE SALE!.
 23559 | Orc:2    | Entered Level 2 of the Orcish Mines
 23728 | Orc:2    | Found a transporter.
 23754 | Orc:2    | Found a transporter.
 23758 | Orc:2    | Found a staircase to the Elven Halls.
 23799 | Orc:2    | Noticed MrSquiggles's ghost (journeyman OpCj)
 24177 | Orc:2    | Found Wuhecloo's Magic Scroll Shoppe.
 24707 | Orc:2    | Found Ecugural's Distillery.
 24866 | Orc:2    | Bought a potion of invisibility for 112 gold pieces
 24866 | Orc:2    | Bought 2 potions of resistance for 280 gold pieces
 24866 | Orc:2    | Bought a potion of heal wounds for 70 gold pieces
 24866 | Orc:2    | Bought a potion of cancellation for 112 gold pieces
 24868 | Orc:2    | Bought a scroll of teleportation for 39 gold pieces
 24868 | Orc:2    | Bought a scroll of enchant weapon for 97 gold pieces
 24868 | Orc:2    | Bought a scroll of fear for 52 gold pieces
 24868 | Orc:2    | Bought a scroll of teleportation for 39 gold pieces
 24868 | Orc:2    | Bought a scroll of enchant armour for 97 gold pieces
 24868 | Orc:2    | Bought a scroll of enchant armour for 97 gold pieces
 25576 | Orc:2    | Found Goiffoa's Antique Armour Shop.
 25576 | Orc:2    | Found Emadiq's Book Boutique.
 25576 | Orc:2    | Found a one-way gate leading to the halls of Pandemonium.
 25586 | Orc:2    | Bought a glowing robe for 140 gold pieces
 26038 | Orc:2    | Identified the ring "Fusmufio" {rElec rN+ Int+2 Dex+6}
 26048 | Orc:2    | Reached XP level 16. HP: 93/93 MP: 28/28
 26066 | Orc:2    | Killed MrSquiggles's ghost
 26364 | Spider:1 | Entered Level 1 of the Spider Nest
 26477 | Spider:1 | Reached skill level 21 in Stealth
 26482 | Spider:1 | Found a frozen archway.
 26489 | IceCv    | Entered an ice cave
 27205 | IceCv    | Noticed a white draconian knight
 27259 | IceCv    | Slain by a white draconian knight

Illustrated notes

Levels and vault maps discovered:
D:1:      amcnicky_arrival_abandoned_market, layout_loops_ring, minmay_bisected
D:2:      layout_loops_ring, hellmonk_ecumenical_altar_slurped_away,
          uniq_natasha
D:3:      layout_rooms, portal_sewer_entry_a, st_stairs_12, uniq_ijyb
D:4:      layout_cave_pools, chequers_jeans
D:5:      layout_rooms, uniq_menkaure
D:6:      layout_rooms, minmay_temple_entry_enclosed_plants
D:7:      layout_loops_corners, mainiacjoe_overflow_surrounded_room,
          uniq_maggie, uniq_duvessa
D:8:      layout_basic, gammafunk_ghost_stat_death, supply_closet_lemuel,
          nicolae_blasting_shop, st_stairs_4
D:9:      layout_stronghold, lair_entry_dummy, orc_0_dummy, serial_shops,
          nicolae_lakefront_shop
D:10:     layout_long_grid, lemuel_tele_altar, uniq_erica
D:11:     layout_layer_cave, doesnt_shop_hydraphobe, uniq_josephine
D:12:     layout_loops_corners, serial_shops, nicolae_shop_behind_doors
D:13:     layout_layer_cave, david_vaults_4, uniq_azrael
Temple:   mainiacjoe_temple_big_plus
Lair:1:   layout_concentric_octagons, nicolae_lair_lil_pond,
          serial_bayou_shore_b, infiniplex_staircase_pool_2
Lair:2:   layout_roguey, spider_nest_entry_funnel_web, basic_altar,
          serial_bayou_ford_a, minivault_24, kennysheep_rathole
Lair:3:   layout_chaotic_city, palyth_hydra_swamp_entry, basic_altar,
          nicolae_lair_run_with_the_wolves
Lair:4:   layout_hall_layers
Lair:5:   hellmonk_lair_end_abyssal_woods, layout_regular_city,
          minmay_slime_entry_oklob_open, chequers_serial_rivers_micro_d,
          grunt_megastairs_1, uniq_rupert, uniq_urug
Spider:1: layout_spider_delve, portal_ice_cave_entry_dragon, drop_trap
Orc:1:    layout_diamond_mine, nicolae_shop_clearance
Orc:2:    pf_orc_diabolical, layout_caves, gammafunk_ghost_berserking_beasts
IceCv:    ice_cave_small_dragons

Skill      XL: |  1  2  3  4  5  6  7  8  9 10 11 12 13 14 15 16 |
---------------+-------------------------------------------------+-----
Stealth        | 3 4 5 6 8 10 11 13 15 16 18 19 20 21 | 21.4
Dodging        | 3 4 5 6 8 9 10 11 12 13 | 13.9
Short Blades   | 1 2 3 5 7 8 10 11 12 13 | 13.7
Spellcasting   | 3 4 6 7 8 |  8.7
Summonings     | 5 6 7 8 9 |  9.2
Fighting       | 1 2 3 4 5 6 7 8 |  8.4
Long Blades    | 1 2 3 |  3.3
Air Magic      | 1 2 3 |  3.4
Shields        | 1 2 |  2.7
Invocations    | 1 4 6 8 |  8.7
Hexes          | 1 |  1.9

Action                   |  1- 3 |  4- 6 |  7- 9 | 10-12 | 13-15 | 16-18 || total
-------------------------+-------+-------+-------+-------+-------+-------++-------
Melee: Unarmed           |     9 |       |       |       |       |       ||     9
       Dagger            |     6 |       |       |       |       |       ||     6
       Short sword       |    63 |   134 |    42 |       |       |       ||   239
       Punch             |       |     1 |     3 |     7 |    16 |       ||    27
       Rapier            |       |       |    75 |   313 |  1057 |   121 ||  1566
       Long sword        |       |       |    47 |    35 |       |     7 ||    89
 Cast: Summon Small Mamm |    11 |     4 |       |       |     3 |       ||    18
       Call Imp          |     2 |     4 |     2 |     1 |     4 |       ||    13
       Call Canine Famil |       |    11 |     6 |    32 |    29 |     4 ||    82
       Summon Guardian G |       |     3 |     2 |     1 |     9 |     5 ||    20
       Summon Lightning  |       |       |       |    13 |    43 |     3 ||    59
  Use: Scroll            |       |     1 |     4 |    20 |    13 |     1 ||    39
       Potion            |       |     1 |     3 |     2 |     3 |     6 ||    15
 Stab: Sleeping          |    13 |    19 |    25 |    51 |    64 |    26 ||   198
       Distracted        |       |     1 |     1 |     3 |    27 |     2 ||    34
       Betrayed ally     |       |       |       |       |       |     1 ||     1
Armor: Robe              |    12 |    32 |    28 |    61 |    94 |    16 ||   243
Dodge: Dodged            |    53 |    79 |   104 |   359 |   842 |    94 ||  1531
Block: Other             |       |       |     8 |    53 |   137 |    15 ||   213

Table legend: (Time is in decaauts)
 A = Elapsed time spent in this place.
 B = Non-inter-level travel time spent in this place.
 C = Inter-level travel time spent in this place.
 D = Time resting spent in this place.
 E = Time spent auto-exploring this place.
 F = Levels seen in this place.
 G = Mean time per level.
                   A        B        C        D        E       F      G
               +--------+--------+--------+--------+--------+-----+--------+
         Total |  26774 |  25231 |   1543 |   4837 |  15261 |  24 | 1115.6 |
       Dungeon |  14523 |  13605 |    918 |   2046 |   9108 |  13 | 1117.2 |
        Temple |    568 |    488 |     80 |      0 |    474 |   1 |  568.0 |
          Lair |   7241 |   6871 |    370 |   1315 |   4229 |   5 | 1448.2 |
   Spider Nest |    117 |    117 |      0 |      0 |      0 |   1 |  117.0 |
  Orcish Mines |   3190 |   3016 |    174 |   1039 |   1191 |   2 | 1595.0 |
         Sewer |    408 |    408 |      0 |     56 |    252 |   1 |  408.0 |
      Ice Cave |    724 |    724 |      0 |    381 |      7 |   1 |  724.0 |
               +--------+--------+--------+--------+--------+-----+--------+

Top non-repeatable levels by time:
  Lair:5: 2734 daAuts
   Orc:2: 2183 daAuts
    D:11: 1856 daAuts
    D:12: 1807 daAuts
     D:8: 1417 daAuts
    D:10: 1364 daAuts
     D:9: 1327 daAuts
  Lair:2: 1278 daAuts
     D:7: 1205 daAuts
  Lair:3: 1188 daAuts
     D:1: 1166 daAuts
  Lair:4: 1117 daAuts
   Orc:1: 1006 daAuts
     D:2: 961 daAuts
  Lair:1: 922 daAuts
